Unix NetHack Version 3.7.0-97 Work-in-progress - last build Jan 28 2024 04:41:54 (eae211b052f4c4d875b52ed558e44d2f93f0896c,branch:master). Game began 2024-02-07 19:57:49, ended 2024-02-07 20:27:58. spontiff, neutral male gnomish Healer --. ---- --.. |..| ..... -----..| ..... ..---.hB..-- |.... ...k.@----- --... .------ |.... .--- ..... *........... .-.......... ........... ..%. ... ... Spontiff the Rhizotomist St:11 Dx:11 Co:13 In:11 Wi:14 Ch:16 Neutral S:240 Dlvl:5 $:1915 HP:0(33) Pw:1(5) AC:4 Xp:1/0 T:1818 Latest messages: What do you want to zap? [S or ?*] S In what direction? l The sleep ray hits the giant bat. The sleep ray hits the giant bat. The sewer rat bites! The sewer rat just misses! In what direction? . You feel better. The hobbit wields a runed dagger! The sewer rat just misses! The sewer rat bites! You already found a monster. Use 'm' prefix to force another search. What do you want to zap? [S or ?*] S In what direction? b The sleep ray bounces! The sewer rat bites! What do you want to use or apply? [aszRS or ?*] s In what direction? b Status of the hobbit (lawful, small): Level 1 HP 2(2) AC 10. What do you want to use or apply? [aszRS or ?*] s In what direction? h Status of the sewer rat (neutral, tiny): Level 0 HP 3(3) AC 7. The hobbit thrusts his runed dagger. The hobbit hits! The sewer rat bites! What do you want to use or apply? [aszRS or ?*] s In what direction? b Status of the hobbit (lawful, small): Level 1 HP 2(2) AC 10. What do you want to write with? [- kIKLRS or ?*] - You write in the dust with your fingertip. What do you want to write in the dust here? Elbereth The sewer rat turns to flee. The hobbit turns to flee. The kobold throws a dart! The hobbit is hit. Are you waiting to get hit? Use 'm' prefix to force a no-op (to rest). Something is written here in the dust. You read: "Elbe?ctn". The hobbit thrusts his runed dagger. The hobbit hits! What do you want to write with? [- kIKLRS or ?*] - You write in the dust with your fingertip. What do you want to write in the dust here? Elbereth The hobbit turns to flee. The kobold turns to flee. The kobold throws a dart! You are hit by a dart. You die... Do you want your possessions identified? [ynq] (y) y Do you want to see the dungeon overview? [ynq] (y) q Inventory: Coins $ - 1915 gold pieces Weapons k - an uncursed +0 dagger K - an uncursed +0 orcish dagger (alternate weapon; not wielded) Armor g - an uncursed +1 pair of leather gloves (being worn) v - an uncursed +0 pair of iron shoes (being worn) q - an uncursed +0 dwarvish cloak (being worn) d - an uncursed +0 leather armor (being worn) Comestibles y - an uncursed apple a - an uncursed cream pie (wielded) Scrolls Q - an uncursed scroll of stinking cloud o - an uncursed scroll of teleportation Potions U - an uncursed potion of gain ability n - an uncursed potion of gain energy c - a blessed potion of healing J - an uncursed potion of sickness m - 2 uncursed potions of water Wands S - an uncursed wand of sleep (0:0) Tools z - an uncursed leash s - an uncursed stethoscope Gems/Stones I - an uncursed agate stone L - 2 uncursed worthless pieces of green glass R - an uncursed flint stone Spontiff the Healer's attributes: Background: You were a Rhizotomist, a level 1 male gnomish Healer. You were neutral, on a mission for Hermes who was opposed by Athena (lawful) and Poseidon (chaotic). You were right-handed. You were in the Gnomish Mines, on level 5. You entered the dungeon 1818 turns ago. You had 0 experience points, 20 were needed to attain level 2. Your score was 240 before end-of-game adjustments. Basics: You had 0 out of 33 hit points. You had 1 out of 5 energy points (spell power). Your armor class was 4. Your wallet contained 1915 zorkmids. Autopickup was on for '$!/="?' plus thrown, with exceptions. Final Characteristics: Your strength was 11 (limit:18/50). Your dexterity was 11 (limit:18). Your constitution was 13 (limit:18). Your intelligence was 11 (limit:19). Your wisdom was 14 (limit:18). Your charisma was 16 (limit:18). Final Status: You weren't hungry. You were unencumbered. You were wielding some food. Final Attributes: You were devoutly aligned. Your items were somewhat protected from fire. Your items were somewhat protected from cold. You were poison resistant. You had infravision. You were warded. You are dead. Miscellaneous: You never encountered a bones level. Total elapsed playing time was 30 minutes and 9 seconds. Major events: Turn 1: spontiff the neutral male gnomish Healer entered the dungeon 1559: entered the Gnomish Mines 1818: killed by a dart Vanquished creatures: a dwarf a hobbit a giant rat 2 gnomes 5 jackals 5 kobolds 3 goblins 7 grid bugs 4 lichens 9 newts 38 creatures vanquished. No species were genocided or became extinct. Voluntary challenges: You never hit with a wielded weapon. You were a pacifist. You read items or engraved 2 times. You engraved Elbereth 2 times. You never genocided any monsters. You never polymorphed an object. You never changed form. You used no wishes. Achievement: You entered the Gnomish Mines. The Dungeons of Doom: levels 1 to 3 Level 1: A sink. Level 2: "Stashlet up one level" An altar. Level 3: Stairs down to The Gnomish Mines. The Gnomish Mines: levels 4 to 5 Level 4: Level 5: <- You were here. Final resting place for you, killed by a dart. Game over: ---------- / \ / REST \ / IN \ / PEACE \ / \ | spontiff | | 1915 Au | | killed by a dart | | | | | | | | 2024 | *| * * * | * _________)/\\_//(\/(/\)/\//\/|_)_______ Goodbye spontiff the Healer... You died in The Gnomish Mines on dungeon level 5 with 236 points, and 1915 pieces of gold, after 1818 moves. You were level 1 with a maximum of 33 hit points when you died.